 Dungeon Crawl Stone Soup version 0.31-a0-982-g1816016f30 (webtiles) character file.

Game seed: 11136044997978299254

125 BinkBink the Shield-Bearer (level 4, -1/28 HPs)
             Began as a Vampire Fighter on Nov 2, 2023.
             Was a Follower of Vehumet.
             Slain by Pargi (4 damage)
             ... on level 4 of the Dungeon.
             The game lasted 00:05:27 (2785 turns).

BinkBink the Shield-Bearer (Vampire Fighter)        Turns: 2785, Time: 00:05:28

Health: -1/28      AC:  2    Str: 15    XL:     4   Next: 82%
Magic:  4/4        EV: 11    Int: 10    God:    Vehumet [*.....]
Gold:   142        SH:  4    Dex: 12    Spells: 3/3 levels left

rFire   . . .        i - +2 dagger (venom)
rCold   + + .        c - +0 buckler
rNeg    + + +        j - +0 robe of Dawn {*Slow +Inv Will+++ Dex-3}
rPois   ∞            (no helmet)
rElec   .            (no cloak)
rCorr   .            (no gloves)
SInv    +            (no boots)
Will    +++..        g - amulet of regeneration
Stlth   ++++         (no ring)
HPRegen 0.00/turn    (no ring)
MPRegen 0.09/turn

%: slow self (1%)
@: bloodless, inhibited regen
A: bloodless, fangs 3, see invisible, vampiric 2
a: Bat Form, Revivify, Renounce Religion, Evoke Invisibility


You were on level 4 of the Dungeon.
You worshipped Vehumet.
Vehumet was aware of your devotion.
You visited 1 branch of the dungeon, and saw 4 of its levels.

You collected 142 gold pieces.

Inventory:

Hand Weapons
 a - a +0 rapier
 i - a +2 dagger of venom (weapon)
Armour
 c - a +0 buckler (worn)
 j - the +0 robe of Dawn (worn) {*Slow +Inv Will+++ Dex-3}
   (You took it off a kobold on level 2 of the Dungeon)

   Dex-3:     It affects your dexterity (-3).
   Will+++:   It greatly increases your willpower.
   +Inv:      It lets you turn invisible.
   *Slow:     It may slow you when you take damage.
Jewellery
 g - an amulet of regeneration (around neck)
Wands
 k - a wand of paralysis (10)
 r - a wand of flame (9)
Scrolls
 b - a scroll of teleportation {unknown}
 f - a scroll of torment {unknown}
 h - a scroll of fear {unknown}
 l - a scroll of immolation {unknown}
 m - a scroll of revelation {unknown}
 o - a scroll of summoning {unknown}
 q - a scroll of vulnerability {unknown}
Potions
 d - 2 potions of might
 e - a potion of cancellation {unknown}
 n - 2 potions of haste {unknown}
 p - a potion of heal wounds {unknown}


   Skills:
 + Level 3.2 Fighting
 + Level 3.1 Short Blades
 - Level 2.4 Armour
 + Level 2.1 Dodging
 + Level 3.0 Stealth
 + Level 3.3 Shields


You had 3 spell levels left.
You didn't know any spells.
Your spell library contained the following spells:

 Spells                   Type           Power      Damage    Failure   Level
 Shock                    Conj/Air       0%         1d3       45%         1
 Ensorcelled Hibernation  Hex/Ice        0%         N/A       58%         2
 Jinxbite                 Hex            0%         N/A       58%         2
 Call Canine Familiar     Summ           0%         N/A       83%         3
 Ignite Poison            Fire/Tmut/Pois 0%         N/A       83%         3
 Sigil of Binding         Hex            0%         N/A       83%         3
 Anguish                  Hex/Necr       0%         N/A       99%         4
 Dimensional Bullseye     Hex/Tloc       0%         N/A       99%         4
 Leda's Liquefaction      Hex/Erth       0%         N/A       99%         4
 Sticky Flame             Conj/Fire      0%         2d3       99%         4
 Ignition                 Fire           0%         3d3       100%        8


Dungeon Overview and Level Annotations

Branches:
Dungeon (4/15)
 Temple: D:4-7

Altars:
Kikubaaqudgha
Vehumet

Shops:
D:3 [(

Annotations:
D:1 2 transporters
D:4 Pargi


Innate Abilities, Weirdness & Mutations

You do not regenerate when monsters are visible.
You are frail without blood (-20% HP).
You can heal yourself when you bite living creatures.
You are immune to poison.
You have razor-sharp teeth.
You have supernaturally acute eyesight. (SInv)
You are afflicted with vampirism and can become a bat while bloodless.


Message History

The endoplasm is heavily wounded.
The endoplasm closely misses you.
You hit the endoplasm.
The endoplasm is almost dead.
The endoplasm freezes you.
You are frozen.
You resist.
You hit the endoplasm.
You kill the endoplasm!
Vehumet accepts your kill.
No target in view!
You now have 142 gold pieces (gained 11).
Found a stone staircase leading down.
There is a stone staircase leading down here.
Pargi the Meek comes into view.
Pargi is nearby!
You see here 7 gold pieces.
You hit Pargi.
Pargi is poisoned.
You bite Pargi.
You draw Pargi's blood!
Pargi is lightly wounded.
Pargi closely misses you. Pargi claws you. x2
You miss Pargi.
Pargi is lightly wounded.
Pargi bites you. You block Pargi's attack. Pargi claws you.
You hit Pargi.
Pargi looks as sick as possible!
Your bite misses Pargi.
Pargi is moderately wounded.
You hit Pargi.
Pargi is moderately wounded.
You block Pargi's attack. Pargi claws you. x2
You are too injured to fight recklessly!
You are too injured to fight recklessly!
You are too injured to fight recklessly!
You are too injured to fight recklessly!
You hit Pargi.
Pargi looks as sick as possible!
Pargi is heavily wounded.
Pargi bites you. Pargi claws you. Pargi completely misses you.
You completely miss Pargi.
Pargi is heavily wounded.
Pargi bites you.
* * * LOW HITPOINT WARNING * * *
Pargi claws you.
You die...

#.##.....###.#
#.##.....# .#
#.####.### .#
#.# #.# ##.##
#.# #.# ##...##
#.#
#.###.....##
#.#
#..........#
#.# ###
#..T...#
#.#########@..#
#.>..........##
##############


You could see Pargi (extremely poisoned).

Vanquished Creatures
  Terence (D:2)
  Ijyb (D:4)
  An adder (D:2)
  4 dart slugs
  5 bats
  5 endoplasms
  2 giant cockroaches
  8 goblins
  7 hobgoblins
  2 quokkas (D:1)
  6 ball pythons
  2 frilled lizards (D:1)
  7 kobolds
  8 rats
59 creatures vanquished.

Notes
Turn   | Place    | Note
-------+----------+-------------------------------------------
     0 | D:1      | BinkBink the Vampire Fighter began the quest for the Orb.
     0 | D:1      | Reached XP level 1. HP: 17/17 MP: 1/1
   128 | D:1      | Reached skill level 1 in Stealth
   179 | D:1      | Reached XP level 2. HP: 18/18 MP: 2/2
   611 | D:1      | Reached skill level 1 in Dodging
  1071 | D:2      | Identified the +0 robe of Dawn {*Slow +Inv Will+++ Dex-3}
  1081 | D:2      | Gained mutation: You are afflicted with vampirism and can
                  | become a bat while bloodless. [Vampire growth]
  1081 | D:2      | Reached XP level 3. HP: 17/22 MP: 3/3
  1557 | D:2      | Noticed Terence
  1569 | D:2      | Killed Terence
  1570 | D:2      | Reached XP level 4. HP: 23/28 MP: 4/4
  1676 | D:2      | Found a faded altar of an unknown god.
  1683 | D:2      | Prayed at the altar of an unknown god.
  1683 | D:2      | Became a worshipper of Vehumet
  1683 | D:2      | Reached * piety under Vehumet
  1683 | D:2      | Offered knowledge of Shock by Vehumet.
  1791 | D:3      | Found an ancient bone altar of Kikubaaqudgha.
  1909 | D:3      | Found Mupn's Armour Emporium.
  1934 | D:3      | Found Roucuppi's Weapon Shop.
  2711 | D:4      | Noticed Ijyb
  2722 | D:4      | Killed Ijyb
  2777 | D:4      | Noticed Pargi
  2785 | D:4      | Slain by Pargi

Illustrated notes

Levels and vault maps discovered:
D:1:      spicycebolla_arrival_transporter_tutorial, layout_basic
D:2:      minmay_inner_zag, layout_loops_ring,
          dilly_ecumenical_altar_fadedgnrine, minmay_goblin_outpost,
          uniq_terence
D:3:      layout_basic, mainiacjoe_overflow_24_doors, serial_shops,
          nicolae_shop_competitors_out_of_business, shop
D:4:      layout_loops_ring, nicolae_overflow_crystal_walls,
          jmf_multi_god_temple2, evilmike_ruin_ashenzari, uniq_pargi, uniq_ijyb,
          uniq_robin

Skill      XL: |  1  2  3  4 |
---------------+-------------+-----
Stealth        | 1 2 3 |  3.0
Dodging        | 1 2 |  2.1
Fighting       | 3 |  3.2
Shields        | 3 |  3.3
Short Blades   | 3 |  3.1
Armour         | |  2.4

Action                     |  1- 3 |  4- 6 || total
---------------------------+-------+-------++-------
  Melee: Rapier            |    83 |       ||    83
         Bite              |     9 |     6 ||    15
         Dagger            |    30 |    51 ||    81
Ability: Exsanguinate      |     1 |       ||     1
   Stab: Sleeping          |    10 |     8 ||    18
 Armour: Scale mail        |    48 |       ||    48
         Robe              |    14 |    25 ||    39
  Dodge: Dodged            |    49 |     8 ||    57
  Block: Buckler           |    25 |     7 ||    32

Table legend: (Time is in decaauts)
 A = Elapsed time spent in this place.
 B = Non-inter-level travel time spent in this place.
 C = Inter-level travel time spent in this place.
 D = Time resting spent in this place.
 E = Time spent auto-exploring this place.
 F = Levels seen in this place.
 G = Mean time per level.
                   A        B        C        D        E       F      G
               +--------+--------+--------+--------+--------+-----+--------+
         Total |   2787 |   2647 |    140 |      9 |   2149 |   4 |  696.8 |
       Dungeon |   2787 |   2647 |    140 |      9 |   2149 |   4 |  696.8 |
               +--------+--------+--------+--------+--------+-----+--------+

Top non-repeatable levels by time:
     D:1: 1069 daAuts
     D:3: 991 daAuts
     D:2: 654 daAuts
     D:4: 71 daAuts
